Map: Orbital Shipyard

Players

Happy

  • Race: Terran Terran
  • League: Grandmaster

SortOf - Winner!

  • Race: Zerg Zerg
  • League: Grandmaster

Event: 2016 WCS Winter Challenger Europe

VOD

Have the link to the VOD?

Description

Time

  • Played on: Feb. 13, 2016, 10:31 a.m.
  • Length: 18:51

All games in this series

Show
View Real Time Build Order
Export as new Build Order

Happy Terran 

Build Orders: Hellion Opening, Reaper Expand, MMM Bio 

Get SALT Encoding   

  12  0:00  SCV  
  13  0:12  SCV  
  14  0:17  Supply Depot  
  14  0:24  SCV  
  15  0:39  Barracks, SCV  
  16  0:44  Refinery  
  16  0:51  SCV  
  17  1:03  SCV  
  18  1:15  SCV  
  19  1:26  Refinery  
  19  1:27  Reaper, Orbital Command  
  20  1:46  Command Center  
  20  1:53  SCV  
  21  1:57  Supply Depot  
  21  2:05  SCV  
  22  2:10  Factory  
  22  2:18  Barracks Reactor, SCV  
  23  2:30  SCV  
  24  2:42  SCV  
  25  2:56  Starport  
  25  2:57  SCV  
  26  2:59  Orbital Command  
  26  3:02  Hellion x2, Marine  
  31  3:09  SCV  
  32  3:13  Supply Depot  
  32  3:19  Marine  
  32  3:22  SCV  
  32  3:24  Hellion x2  
  38  3:27  SCV  
  38  3:31  Armory  
  39  3:34  Medivac  
  39  3:36  SCV  
  39  3:39  SCV  
  43  3:42  Marine  
  44  3:49  SCV  
  44  3:50  Hellion  
  44  3:51  Hellion  
  44  3:53  SCV  
  50  4:00  Supply Depot  
  50  4:01  SCV  
  51  4:04  Liberator  
  51  4:05  SCV  
  52  4:13  SCV  
  52  4:15  Marine  
  54  4:21  Supply Depot, Factory Tech Lab, Marine  
  54  4:22  SCV  
  59  4:47  Liberator, SCV, Siege Tank  
  59  4:48  Engineering Bay  
  59  4:49  Engineering Bay  
  59  4:50  Command Center  
  60  4:57  Marine x2  
  60  4:59  SCV x2  
  54  5:01  Refinery  
  54  5:02  Refinery  
  52  5:11  SCV x2  
  54  5:16  Barracks  
  54  5:18  Terran Infantry Weapons Level 1  
  54  5:19  Barracks  
  54  5:23  SCV, Marine x2  
  54  5:25  SCV  
  58  5:30  Terran Infantry Armor Level 1  
  58  5:35  Supply Depot, SCV  
  59  5:37  SCV  
  59  5:42  Supply Depot  
  60  5:45  Marine x2  
  60  5:47  SCV  
  60  5:48  Starport Reactor  
  60  5:49  Siege Tank, SCV  
  64  5:59  SCV  
  64  6:03  Orbital Command  
  64  6:04  Barracks x2  
  65  6:06  Barracks Tech Lab x2  
  65  6:08  SCV  
  66  6:14  Marine x2  
  66  6:15  SCV  
  66  6:17  Supply Depot  
  69  6:19  Orbital Command  
  69  6:20  Supply Depot, SCV  
  70  6:26  Medivac x2  
  70  6:28  SCV, Stimpack  
  70  6:31  Combat Shields  
  75  6:38  Marine x2  
  77  6:41  SCV x2, Marine x2  
  77  6:45  SCV  
  82  6:53  SCV  
  82  6:54  Barracks, SCV  
  84  6:55  Barracks Reactor x2  
  84  6:56  Marine  
  84  6:58  Supply Depot, SCV  
  84  6:59  Refinery  
  84  7:00  Medivac  
  88  7:04  Refinery  
  88  7:06  Marine  
  88  7:07  Marine x2  
  91  7:08  SCV  
  91  7:11  SCV  
  91  7:12  SCV  
  91  7:14  Marine  
  95  7:20  Terran Infantry Weapons Level 2  
  95  7:21  SCV  
  96  7:24  Marine  
  96  7:25  Marauder, Marine  
  96  7:26  Supply Depot  
  100  7:31  Siege Tank, Marine x4  
  100  7:32  Marine  
  108  7:37  Terran Infantry Armor Level 2  
  108  7:42  Barracks Tech Lab, Marine  
  108  7:44  Marauder  
  110  7:45  Supply Depot  
  110  7:46  Marine  
  111  7:55  Marine x2  
  111  7:56  Marine  
  111  7:57  Marine x2  
  116  8:01  Concussive Shells  
  116  8:03  Siege Tank  
  116  8:04  Supply Depot, Marauder  
  116  8:05  Marauder  
  123  8:12  Marine  
  124  8:13  Medivac x2  
  124  8:18  SCV  
  129  8:20  Command Center  
  129  8:22  Marine x4  
  129  8:26  Marauder  
  135  8:28  Supply Depot, Marine  
  135  8:29  Marine  
  135  8:30  Marine x2  
  139  8:37  Siege Tank  
  139  8:40  Marine x4  
  142  8:43  Medivac  
  133  8:50  Marine x4  
  133  8:51  Marauder, SCV  
  139  9:02  Command Center  
  138  9:14  Marauder, Medivac, Marine x3  
  138  9:16  SCV x3  
  135  9:31  Medivac  
  112  9:32  Marine x2  
  112  9:33  Marauder  
  112  9:34  SCV  
  112  9:36  Marauder, Marine x3  
  112  9:37  Marauder, SCV  
  112  9:38  SCV  
  123  9:55  Marauder, Marine x5  
  123  9:57  Marine  
  123  9:58  Marauder, Medivac  
  123  9:59  SCV  
  138  10:05  Terran Infantry Weapons Level 3  
  136  10:11  Terran Infantry Armor Level 3  
  135  10:18  SCV x2  
  137  10:25  Marauder, SCV, Marine x3  
  137  10:26  Marauder  
  144  10:30  Marine x3  
  144  10:31  Marauder  
  149  10:36  SCV x2  
  149  10:41  Ghost Academy, Barracks  
  151  10:46  Marine  
  152  11:00  Planetary Fortress  
  152  11:01  SCV x3  
  153  11:13  SCV  
  153  11:17  Marauder x2, Marine x2  
  149  11:24  Marauder, Marine x2  
  150  11:25  Marine  
  150  11:26  Marine  
  149  11:34  Marine  
  149  11:36  Marine x2  
  149  11:39  Marauder x2  
  147  11:41  Marine x2  
  147  11:43  Marine x2  
  147  11:46  Marauder  
  143  11:49  SCV  
  143  11:52  Marine  
  139  11:54  Marine x2  
  139  11:59  Marine x2  
  139  12:00  Marauder x2  
  142  12:04  SCV  
  142  12:06  Ghost  
  138  12:16  SCV, Marine x2  
  138  12:17  Barracks Tech Lab  
  138  12:21  Ghost x2  
  145  12:23  SCV  
  145  12:28  SCV  
  147  12:35  Ghost, SCV  
  147  12:37  Ghost  
  149  12:48  SCV  
  149  12:49  Ghost x2, Liberator x2  
  149  13:03  Ghost  
  149  13:04  Starport  
  149  13:05  Ghost, SCV  
  156  13:17  SCV  
  156  13:19  Ghost, Marine x2  
  158  13:20  Marine  
  158  13:23  Liberator  
  161  13:29  SCV  
  158  13:39  Ghost x2  
  155  13:43  Ghost  
  155  13:44  Marine  
  155  13:48  Ghost  
  158  13:49  Medivac x2  
  163  13:58  Refinery  
  163  13:59  Refinery, Starport  
  163  14:11  Liberator  
  163  14:28  Supply Depot, Ghost, Liberator, Medivac  
  163  14:29  Supply Depot  
  169  14:41  Liberator  
  169  14:43  Liberator  
  167  14:49  SCV x2  
  165  14:54  Liberator  
  168  15:01  SCV  
  168  15:04  Fusion Core  
  172  15:11  Liberator  
  172  15:12  Sensor Tower  
  159  15:24  Liberator  
  159  15:26  Liberator  
  142  15:30  Marine x4  
  142  15:31  Marauder x2, Marine x4  
  139  15:37  Liberator  
  142  15:44  Orbital Command  
  142  15:48  Marine x6  
  142  15:49  Marauder, Marine  
  154  15:52  Marauder, Marine  
  160  16:03  SCV  
  162  16:04  SCV  
  162  16:06  Liberator, Marine x5  
  162  16:07  Marauder  
  162  16:10  Refinery  
  169  16:15  SCV  
  169  16:16  Starport Tech Lab  
  169  16:17  Marine x4  
  175  16:18  SCV  
  175  16:24  SCV  
  179  16:31  Supply Depot, Marauder, Command Center  
  180  16:32  Supply Depot  
  180  16:35  Liberator  
  180  16:36  SCV  
  180  16:44  Advanced Ballistics  
  180  16:49  Liberator x2  
  180  16:52  SCV  
  184  16:58  Liberator  
  189  17:18  Marine  
  189  17:19  Marauder, Marine  
  196  17:31  Liberator  
  196  17:43  Marauder, Marine  
  199  17:46  Marauder  
  143  18:07  Marine  
  143  18:12  Ghost, Marine x4  
  131  18:13  Marauder x3  
  138  18:33  Marine  
Show
View Real Time Build Order
Export as new Build Order

SortOf Zerg - Winner!

Build Orders: Hatch First 

Get SALT Encoding   

  12  0:00  Drone  
  13  0:12  Overlord  
  13  0:19  Drone  
  14  0:31  Drone x2  
  16  0:37  Drone  
  17  0:45  Drone  
  18  0:55  Hatchery  
  17  0:58  Drone  
  17  1:03  Extractor  
  17  1:07  Drone  
  18  1:19  Spawning Pool  
  18  1:20  Drone  
  18  1:28  Drone  
  19  1:38  Overlord  
  19  1:49  Drone  
  20  2:05  Metabolic Boost, Queen  
  20  2:06  Zergling x2  
  20  2:08  Zergling x2  
  24  2:10  Queen  
  24  2:13  Zergling x2  
  27  2:20  Drone  
  28  2:23  Drone  
  29  2:32  Drone  
  29  2:37  Drone  
  29  2:40  Overlord  
  29  2:41  Queen  
  32  2:46  Drone  
  33  2:52  Drone  
  34  2:58  Overlord  
  34  3:01  Drone  
  35  3:07  Drone  
  36  3:14  Drone x4  
  40  3:33  Hatchery, Roach Warren, Drone x4  
  42  3:36  Extractor  
  42  3:41  Overlord  
  41  3:45  Drone x2  
  43  3:54  Drone x2  
  45  3:57  Queen  
  45  4:01  Overlord  
  47  4:05  Zergling x4  
  47  4:06  Zergling x2  
  47  4:08  Overlord  
  50  4:17  Roach x4  
  57  4:26  Roach  
  57  4:28  Roach  
  57  4:31  Roach x3  
  66  4:33  Drone  
  67  4:41  Drone  
  67  4:42  Drone  
  69  4:46  Drone, Evolution Chamber, Roach x3  
  69  4:51  Drone  
  69  4:52  Drone x2  
  69  4:55  Drone x2  
  69  5:01  Evolution Chamber  
  69  5:02  Ravager  
  69  5:03  Ravager x2  
  69  5:06  Ravager x2  
  70  5:07  Hatchery  
  70  5:11  Drone  
  70  5:12  Extractor, Ravager  
  70  5:23  Drone, Spore Crawler  
  70  5:24  Drone x3  
  70  5:26  Extractor  
  72  5:29  Overlord  
  72  5:32  Drone x2  
  74  5:37  Drone  
  76  5:42  Drone  
  76  5:43  Drone  
  76  5:48  Zerg Ground Armor Level 1, Drone  
  76  5:49  Drone  
  77  5:53  Overlord  
  77  5:58  Drone x2, Lair  
  77  5:59  Drone x2  
  77  6:00  Drone x2  
  83  6:06  Zerg Melee Weapons Level 1  
  83  6:07  Overlord  
  83  6:10  Overlord  
  83  6:11  Overlord  
  83  6:22  Overlord  
  83  6:23  Overlord  
  83  6:26  Drone x7  
  90  6:34  Hatchery, Queen  
  90  6:35  Drone  
  92  6:40  Drone x2  
  92  6:42  Drone x2, Extractor  
  92  6:44  Roach, Extractor, Zergling x2  
  97  6:47  Zergling x2, Roach  
  97  6:52  Zergling x2  
  97  6:53  Zergling x2  
  102  6:56  Glial Reconstitution  
  102  6:57  Infestation Pit  
  102  6:59  Drone x2  
  102  7:00  Drone  
  104  7:03  Zergling x8  
  108  7:14  Hatchery  
  107  7:15  Overseer  
  107  7:16  Zergling x10  
  107  7:19  Ravager x2  
  114  7:31  Zergling x2  
  114  7:34  Zergling x14  
  122  7:41  Hatchery  
  122  7:43  Pathogen Glands  
  120  7:44  Hive, Zerg Ground Armor Level 2  
  120  7:58  Roach x3  
  126  7:59  Overlord x4  
  126  8:02  Zerg Melee Weapons Level 2  
  126  8:06  Overlord, Spore Crawler  
  125  8:15  Overlord  
  125  8:18  Infestor  
  125  8:19  Infestor x3  
  133  8:21  Zergling x12, Roach  
  133  8:22  Zergling x4  
  143  8:27  Zergling x2  
  143  8:28  Zergling x4  
  143  8:33  Zergling x2, Roach  
  143  8:34  Zergling x4, Roach  
  152  8:43  Zergling x8, Roach x2  
  152  8:46  Extractor  
  155  8:55  Zergling x4  
  151  8:56  Zergling x4, Roach x3  
  150  9:10  Zergling x2, Roach  
  150  9:11  Zergling x6, Roach x3  
  150  9:15  Ultralisk Cavern  
  153  9:24  Zergling x4, Roach x3  
  142  9:28  Infestor x3  
  142  9:29  Zergling x2, Extractor  
  127  9:33  Queen  
  127  9:37  Ravager  
  123  9:46  Infestor  
  123  9:48  Zergling x16  
  123  9:52  Queen  
  131  10:02  Chitinous Plating  
  131  10:03  Drone x3  
  134  10:09  Ultralisk  
  139  10:19  Ultralisk  
  145  10:43  Ultralisk x2  
  157  10:50  Hatchery  
  155  10:59  Drone  
  155  11:00  Drone x6  
  162  11:07  Zerg Ground Armor Level 3  
  162  11:18  Ultralisk  
  163  11:22  Hatchery  
  163  11:23  Zergling x2  
  163  11:24  Zergling x10  
  166  11:36  Baneling Nest  
  165  11:40  Drone x2  
  165  11:41  Drone x2  
  165  11:46  Drone x5  
  171  11:55  Adrenal Glands, Zerg Melee Weapons Level 3  
  171  11:58  Spire  
  171  12:00  Extractor  
  166  12:02  Zergling x2  
  166  12:04  Extractor  
  160  12:09  Zergling x12  
  165  12:40  Ultralisk Cavern  
  165  12:41  Zergling x34  
  165  12:43  Pneumatized Carapace  
  181  12:52  Nydus Network, Overseer  
  181  12:54  Overseer  
  178  13:09  Drone x3  
  178  13:10  Drone  
  175  13:23  Zergling x20  
  177  13:36  Infestor x2  
  177  13:38  Overlord x2  
  180  13:49  Hatchery  
  179  14:01  Nydus Canal  
  179  14:06  Baneling x4  
  179  14:07  Baneling x2  
  179  14:08  Corruptor x9  
  197  14:12  Zerg Missile Weapons Level 1  
  197  14:20  Overlord  
  197  14:23  Nydus Canal  
  192  14:47  Infestor x2  
  192  14:48  Viper  
  192  14:51  Nydus Canal  
  192  14:52  Overlord  
  194  14:58  Zergling x8  
  198  15:14  Infestor  
  184  15:31  Drone x6  
  184  15:32  Drone x3  
  177  15:38  Ultralisk x3  
  177  15:39  Ultralisk  
  185  15:45  Viper  
  185  15:47  Overseer  
  185  15:48  Overseer  
  185  15:55  Ultralisk, Zergling x2  
  190  16:11  Hatchery, Zergling x10  
  190  16:12  Drone  
  190  16:13  Drone  
  190  16:14  Spore Crawler  
  190  16:15  Spine Crawler  
  190  16:16  Overseer  
  194  16:31  Extractor  
  193  16:43  Nydus Canal  
  193  16:51  Zergling x12  
  199  17:09  Hatchery  
  199  17:14  Extractor  
  197  17:18  Baneling x12  
  197  17:26  Spire  
  194  17:38  Zergling x10  
  161  18:00  Zergling x16  
  161  18:01  Zergling x28  
  161  18:05  Ultralisk x2  
  166  18:12  Infestor x3  
  160  18:14  Drone x3  
  160  18:17  Baneling x5  
Tags
 
Add a new tag
Caveats
  • Supply blocks, unpowered buildings, or Contaminate may cause inaccurate times.
  • Supply counts are checked every 10 seconds.